[Event "Nanjing Pearl Spring 3rd"]
[Site "Nanjing"]
[Date "2010.10.28"]
[Round "8"]
[White "Wang, Yue"]
[Black "Carlsen, Magnus"]
[Result "1/2-1/2"]
[ECO "E00"]
[WhiteElo "2732"]
[BlackElo "2826"]
[Annotator "Edouard,R"]
[PlyCount "56"]
[EventDate "2010.10.20"]
[EventType "tourn"]
[EventRounds "10"]
[EventCountry "CHN"]
[EventCategory "21"]
[SourceTitle "CBM 139"]
[Source "ChessBase"]
[SourceDate "2010.11.18"]
[SourceVersion "1"]
[SourceVersionDate "2010.11.18"]
[SourceQuality "1"]
[TimeControl "40/7200:20/3600:900+30"]

1. d4 Nf6 2. c4 e6 3. g3 Bb4+ 4. Bd2 Bxd2+ 5. Qxd2 d5 {This line is secondary
but known as very solid for Black.} 6. Bg2 c6 7. Nf3 Nbd7 8. O-O b6 9. Rc1 O-O
10. cxd5 cxd5 11. Nc3 Ba6 12. a4 Rc8 (12... Bc4 13. Nb5 Qe7 14. Na3 Ne4 15. Qd1
Ba6 16. Nb5 Bxb5 17. axb5 Qb4 18. Qa4 Qxa4 19. Rxa4 Nd6 20. Rc7 Rfd8 21. Raxa7
Rxa7 22. Rxa7 Nxb5 23. Ra1 Kf8 24. e3 Rc8 25. Bf1 Nd6 26. Bd3 {1/2-1/2
Portisch,L (2635)-Spassky,B (2560)/Reykjavik 1988}) 13. Nb5 Ne4 14. Qf4 Qe7 15.
Rc7 Bxb5 16. axb5 Nd6 17. Qc1 Rxc7 18. Qxc7 Rc8 19. Qxa7 Qd8 20. Qa4 h6 21. Qb4
Qf8 {White is up a pawn but it is very hard to improve something. Still, the
next moves seems not to be accurate, giving Black a chance to draw at once.}
22. b3 $6 ({Something like} 22. e3 $5 {followed by Qb3 should be normal,
though we trust Magnus should draw this! Probably Wang Yue was also not
eagering to go desperately for a win, as he suffered a little bit in his last
games.}) 22... Ne4 23. Qxf8+ Kxf8 24. Ne5 Nxe5 25. Bxe4 dxe4 26. dxe5 Rc5 27.
Ra8+ Ke7 28. Ra7+ Kf8 1/2-1/2

[Event "Metz op 31th"]
[Site "Metz"]
[Date "2013.07.25"]
[Round "8"]
[White "Gharamian, Tigran"]
[Black "Maiorov, Nikita"]
[Result "1/2-1/2"]
[ECO "E00"]
[WhiteElo "2663"]
[BlackElo "2535"]
[Annotator "Metz Alekhine/Primel,D"]
[PlyCount "48"]
[EventDate "2013.04.20"]
[EventType "swiss"]
[EventRounds "9"]
[EventCountry "FRA"]
[SourceTitle "EXT 2016"]
[Source "ChessBase"]
[SourceDate "2015.10.08"]
[SourceVersion "1"]
[SourceVersionDate "2015.10.08"]
[SourceQuality "1"]
[TimeControl "40/5400+30:1200+30"]

1. d4 Nf6 2. c4 e6 3. g3 Bb4+ 4. Bd2 Bxd2+ (4... Be7) 5. Qxd2 d5 6. Bg2 c6 (
6... O-O 7. Nf3 c6 8. O-O Nbd7 9. Rc1 Qe7 10. Qe3 dxc4 11. Rxc4 Nd5 12. Qa3 Re8
13. Qxe7 Rxe7 14. e4 N5b6 15. Rc2 e5 16. Nbd2 a5 17. a3 g6 18. Rac1 exd4 19.
Nxd4 Ne5 20. f4 Rd7 21. Ne2 Ng4 22. Nf1 Rd8 23. h3 Nf6 24. Rd2 Be6 25. Kf2 Na4
26. Rcc2 Nd7 27. Ke3 Bb3 28. Rc1 Ndb6 29. Rd4 c5 30. Rxd8+ Rxd8 31. e5 Nc4+ 32.
Kf3 Naxb2 33. Nc3 Nxa3 34. Ne3 b5 35. Ne4 Nd3 36. Rh1 {Kramnik,V (2803)
-Andreikin,D (2713) Moscow 2013 0-1}) 7. Nf3 Nbd7 8. O-O b6 9. Rc1 {La partie
a transposé dans une catalane fermée mais avec Qd2 au lieu de Qc2 ce qui
avantage les Noirs et certains joueurs coté Blanc ont d'ailleurs préféré
perdre un tempo immédiatement avec Qc2} (9. Qc2 $5 {Harikrishna,P (2666)
-Lenderman,A (2548) Chicago op 20th 2011 (5) 1-0}) 9... Bb7 10. cxd5 {66} (10.
Ne5 O-O) 10... cxd5 {86} 11. Qb4 $146 (11. a4 O-O 12. a5 Ne4 13. Qb4 Ba6 14.
Bf1 Rb8 15. Nc3 Nef6 16. Qa3 bxa5 17. Qxa5 Bc4 18. Nd2 Rxb2 19. Nxc4 dxc4 20.
Qxa7 h5 21. Ra2 Qb8 22. e3 Qxa7 23. Rxa7 Rc8 24. Be2 g6 25. Kf1 Nb6 26. Ra5
Nbd5 27. Nd1 Rb4 28. f3 Nd7 29. e4 N5b6 30. Nc3 Nb8 31. Rb5 Rb3 32. Rc5 Rxc5
33. dxc5 N6d7 34. Na4 Ra3 35. Bd1 Ne5 36. f4 Ng4 37. Bxg4 hxg4 38. Rxc4 Nc6 39.
e5 Ra1+ 40. Ke2 Ra2+ {Brunello,S (2586)-Almasi,Z (2713) Istanbul 2012 1/2-1/2})
11... Qe7 12. Qa4 Qd6 13. Bf1 O-O $11 14. Qa3 Ne4 $1 {[%csl Ra3,
Rb1] Comme les Blancs ont joué très passivement l'ouverture, les Noirs
commencent à s'activer et en forçant la prise Qd6, le Nd6 va protéger le Bb7
} 15. Qxd6 {Les Blancs avaient déjà dépensé près d'une heure, le signe
que le français n'était pas très à l'aise dans cette partie.} Nxd6 {
[%cal Gd6b7] 50} 16. Rc7 Nf6 17. Na3 Rfc8 18. Rac1 Rxc7 19. Rxc7 Rc8 20. Rxc8+
Bxc8 21. e3 Nfe8 22. Be2 Nc7 23. Kf1 Kf8 24. Ke1 Ke7 1/2-1/2